 Dungeon Crawl Stone Soup version 0.31-a0-164-g2312942fda (webtiles) character file.

Game seed: 3727576326400178311

188 qw the Shooter (level 5, -20/33 HPs)
             Began as a Gargoyle Hunter on June 13, 2023.
             Was an Initiate of Okawaru.
             Demolished by an ogre
             ... wielding a +0 giant spiked club
              (22 damage)
             ... on level 4 of the Dungeon.
             The game lasted 00:01:23 (3150 turns).

qw the Shooter (Gargoyle Hunter)                    Turns: 3150, Time: 00:01:23

Health: -20/33     AC: 11    Str: 14    XL:     5   Next: 67%
Magic:  5/5        EV: 10    Int: 10    God:    Okawaru [......]
Gold:   137        SH:  0    Dex: 15    Spells: 4/4 levels left

rFire   . . .        Y - +0 shortbow
rCold   . . .        (shield currently unavailable)
rNeg    + . .        a - +0 ring mail
rPois   inf          i - +0 helmet
rElec   +            (no cloak)
rCorr   +            b - +0 pair of gloves
SInv    .            (no boots)
Will    .....        (no amulet)
Stlth   +            j - ring of resist corrosion
HPRegen 0.25/turn    (no ring)
MPRegen 0.09/turn

%: no passive effects
@: no status effects
A: sickness immunity, AC +4, negative energy resistance 1, electricity
resistance, torment resistance 1, petrification resistance
a: Renounce Religion


You were on level 4 of the Dungeon.
You worshipped Okawaru.
Okawaru was noncommittal.
You visited 1 branch of the dungeon, and saw 4 of its levels.

You collected 137 gold pieces.


Innate Abilities, Weirdness & Mutations

You are immune to sickness and miasma.
Your stone body is resilient. (AC +4)
You are immune to poison.
You resist negative energy. (rN+)
You are resistant to electric shocks. (rElec)
You are resistant to unholy torment.
You are immune to petrification.


   Skills:
 + Level 3.7 Fighting
 - Level 6.0 Ranged Weapons
 - Level 1.0 Armour
 - Level 1.5 Dodging
 - Level 1.1 Stealth


You had 4 spell levels left.
You didn't know any spells.
Your spell library was empty.

Inventory:

Hand Weapons
 Y - a +0 shortbow (weapon)
Armour
 a - a +0 ring mail (worn)
 b - a +0 pair of gloves (worn)
 i - a +0 helmet (worn)
Jewellery
 j - a ring of resist corrosion (left hand)
Scrolls
 e - a scroll of identify
Potions
 c - a potion of curing
 d - a potion of lignification
 f - a potion of mutation {unknown}
 g - a potion of invisibility {unknown}
 h - a potion of attraction {unknown}

Dungeon Overview and Level Annotations

Branches:
Dungeon (4/15)
 Temple: D:4-7

Altars:
Ashenzari
Dithmenos
Elyvilon
Gozag
Makhleb
Nemelex Xobeh
Okawaru
Trog
Uskayaw
Xom
Yredelemnul
The Shining One


Message History

Enter note: You shoot an arrow.
The arrow hits the orc.
The orc is severely wounded.
You shoot an arrow. The arrow closely misses the orc.
An ogre comes into view. It is wielding a +0 giant spiked club.
You shoot an arrow.
The arrow hits the orc but does no damage.
The orc is severely wounded.
The orc hits you but does no damage.
You shoot an arrow. The arrow barely misses the orc.
The orc hits you with a +0 dagger.
You shoot an arrow. The arrow barely misses the orc.
The orc hits you but does no damage.
You shoot an arrow. The arrow barely misses the orc.
The orc hits you but does no damage. x2
You shoot an arrow. The arrow hits the orc.
You kill the orc!
Okawaru accepts your kill.
You shoot an arrow. The arrow hits the ogre.
The ogre is lightly wounded.
The ogre hits you with a +0 giant spiked club.
You shoot an arrow.
The arrow hits the ogre but does no damage.
The ogre is lightly wounded.
The ogre completely misses you.
You shoot an arrow. The arrow closely misses the ogre.
You shoot an arrow. The arrow completely misses the ogre.
The ogre hits you with a +0 giant spiked club!
You shoot an arrow. The arrow hits the ogre!
The ogre is moderately wounded.
The ogre hits you with a +0 giant spiked club!!
Ouch! That really hurt!
You shoot an arrow. The arrow hits the ogre.
The ogre is moderately wounded.
The ogre barely misses you.
You shoot an arrow. The arrow hits the ogre.
The ogre is heavily wounded.
The ogre hits you with a +0 giant spiked club!!
Ouch! That really hurt!
You die...

...###...+..## ####
.....###..#..<## .....#
#.....###.#....##......
##.....####.........)..
###.....###.....#....
#####+####..........
................#.# #
....>.....))..).O.#...#
######........@....#
#..............##.#
#...##.....[....##
#..####......>...# #.
#..............
#.....#...7[.....###
#######....?.....#
##...........##
####..###......#


You could see an ogre.

Vanquished Creatures
  Jessica (D:2)
  An orc wizard (D:2)
  A gnoll (D:1)
  5 adders
  An ufetubus (D:3)
  2 dart slugs
  9 orcs
  4 endoplasms
  3 giant cockroaches
  4 goblins
  6 hobgoblins
  2 jackals (D:2)
  6 kobolds
  4 quokkas
  7 ball pythons
  4 bats
  5 frilled lizards
65 creatures vanquished.

Notes
Turn   | Place    | Note
-------+----------+-------------------------------------------
     0 | D:1      | qw the Gargoyle Hunter began the quest for the Orb.
     0 | D:1      | Reached XP level 1. HP: 12/12 MP: 1/1
     0 | D:1      | 0 ||| qw: Version: 0.2-a-29-gc1b59c4
     0 | D:1      | 0 ||| qw: Game counter: 4557
     0 | D:1      | 0 ||| qw: Always use a shield: true
     0 | D:1      | 0 ||| qw: God list: Okawaru
     0 | D:1      | 0 ||| qw: Allow faded altars: false
     0 | D:1      | 0 ||| qw: Do Orc after D:15 true
     0 | D:1      | 0 ||| qw: Do second Lair branch before Depths: true
     0 | D:1      | 0 ||| qw: Lair rune preference: random
     0 | D:1      | 0 ||| qw: Plans: Normal, Zot:1-4, Slime:5, God:TSO, Crypt,
                  | Tomb, Abyss, Pan, Hells, Win
     0 | D:1      | 0 ||| PLANNING D:1-11
   102 | D:1      | Reached XP level 2. HP: 17/17 MP: 2/2
   428 | D:1      | 428 ||| READING scroll labelled ANLYDW LUGGUFE.
   429 | D:1      | 429 ||| READING scroll labelled GIZUCE DOYXOYH.
   430 | D:1      | 430 ||| READING scroll labelled XIMIWA SIUGU.
   431 | D:1      | 431 ||| DROPPING scroll of butterflies.
   573 | D:1      | 573 ||| READING scroll labelled BOPASE FEBA.
   910 | D:1      | 910 ||| UPGRADING to +0 ring mail.
   920 | D:1      | 920 ||| DROPPING +0 leather armour.
   940 | D:1      | Reached XP level 3. HP: 18/21 MP: 3/3
  1363 | D:2      | 1363 ||| Stepping ~*~*~tactically~*~*~ (outnumbered).
  1376 | D:2      | Reached skill level 1 in Armour
  1438 | D:2      | Noticed Jessica
  1453 | D:2      | Killed Jessica
  1454 | D:2      | Reached skill level 5 in Ranged Weapons
  1454 | D:2      | Reached XP level 4. HP: 26/26 MP: 4/4
  1725 | D:2      | Reached skill level 3 in Fighting
  1728 | D:2      | 1728 ||| FLEEEEING.
  1752 | D:2      | 1752 ||| FLEEEEING.
  1753 | D:2      | 1753 ||| FLEEEEING.
  1754 | D:2      | 1754 ||| FLEEEEING.
  1755 | D:2      | 1755 ||| FLEEEEING.
  1756 | D:2      | 1756 ||| FLEEEEING.
  1757 | D:2      | 1757 ||| FLEEEEING.
  1758 | D:2      | 1758 ||| FLEEEEING.
  1759 | D:2      | 1759 ||| FLEEEEING.
  1760 | D:2      | 1760 ||| FLEEEEING.
  1761 | D:2      | 1761 ||| FLEEEEING.
  1763 | D:2      | 1763 ||| FLEEEEING.
  1764 | D:2      | 1764 ||| FLEEEEING.
  1765 | D:2      | 1765 ||| FLEEEEING.
  1766 | D:2      | 1766 ||| FLEEEEING.
  1767 | D:2      | 1767 ||| FLEEEEING.
  1768 | D:2      | 1768 ||| FLEEEEING.
  1769 | D:2      | 1769 ||| FLEEEEING.
  1770 | D:2      | 1770 ||| FLEEEEING.
  1771 | D:2      | 1771 ||| FLEEEEING.
  1772 | D:2      | 1772 ||| FLEEEEING.
  1773 | D:2      | 1773 ||| FLEEEEING.
  1774 | D:2      | 1774 ||| STAIRDANCE
  1800 | D:1      | 1800 ||| UPGRADING to +0 pair of gloves.
  1805 | D:1      | 1805 ||| READING scroll labelled PUNUOBR BEMUESM.
  1808 | D:1      | 1808 ||| READING scroll labelled ZOEZIE WUZISI.
  2134 | D:2      | 2134 ||| READING scroll labelled JAXOLI YKHO.
  2200 | D:3      | Reached XP level 5. HP: 32/32 MP: 5/5
  2507 | D:3      | Found a sparkling altar of Nemelex Xobeh.
  2507 | D:3      | Found a shimmering altar of Xom.
  2507 | D:3      | Found a white marble altar of Elyvilon.
  2512 | D:3      | Found a glowing golden altar of the Shining One.
  2514 | D:3      | Found a basalt altar of Yredelemnul.
  2516 | D:3      | Found a hide-covered altar of Uskayaw.
  2516 | D:3      | Found a burning altar of Makhleb.
  2517 | D:3      | Found an iron altar of Okawaru.
  2518 | D:3      | 2518 ||| PLANNING OKAWARU WORSHIP
  2519 | D:3      | 2519 ||| UPGRADING to +0 helmet.
  2524 | D:3      | 2524 ||| DRINKING 2 sedimented emerald potions.
  2525 | D:3      | 2525 ||| READING 2 scrolls of identify.
  2525 | D:3      | 2525 ||| IDENTIFYING sedimented cyan potion
  2527 | D:3      | Found a broken altar of Ashenzari.
  2530 | D:3      | Found an opulent altar of Gozag.
  2531 | D:3      | Became a worshipper of Warmaster Okawaru
  2531 | D:3      | 2531 ||| PLANNING D:1-11
  2533 | D:3      | Found a shadowy altar of Dithmenos.
  2639 | D:3      | Reached skill level 6 in Ranged Weapons
  2919 | D:3      | 2919 ||| READING scroll labelled HAKAUHI QENTE.
  2919 | D:3      | Identified a scroll of acquirement
  2919 | D:3      | 2919 ||| ACQUIRING ring of resist corrosion
  2919 | D:3      | Acquired a ring of resist corrosion
  2921 | D:3      | 2921 ||| UPGRADING to ring of resist corrosion.
  3034 | D:4      | Found a bloodstained altar of Trog.
  3138 | D:4      | Noticed an ogre
  3148 | D:4      | HP: 1/33 [ogre/+0 giant spiked club (18)]
  3150 | D:4      | Demolished by an ogre

Levels and vault maps discovered:
D:1:      minmay_arrival_cross, layout_loops_ring, serial_co_window_serial,
          co_window_paths_a, co_window_corner_a, co_window_paths_b,
          co_window_of_opportunity_a, co_window_corner_a, co_window_cross_1,
          co_window_corner_a, co_window_broadway_c, co_window_of_opportunity_b,
          co_window_2corner, co_window_unsneaky_path_b, co_window_broadway_a,
          co_window_paths_e, co_window_4corner_a
D:2:      layout_loops_ring, minmay_strange_pillars, uniq_jessica
D:3:      layout_basic, nicolae_overflow_hallway_of_the_gods,
          corexii_hall_statues_s, grunt_decor_mini_mirrors
D:4:      layout_rooms, old_standard_altar, kennysheep_vampire_church,
          minmay_temple_entry_offerings, chequers_mini_garden,
          minmay_quadrilaterals

Skill      XL: |  1  2  3  4  5 |
---------------+----------------+-----
Armour         | 1 |  1.0
Ranged Weapons | 5 6 |  6.0
Fighting       | 3 |  3.7
Dodging        | |  1.5
Stealth        | |  1.1

Action                     |  1- 3 |  4- 6 || total
---------------------------+-------+-------++-------
   Fire: Shortbow          |   120 |   203 ||   323
    Use: Scroll            |     4 |     5 ||     9
         Potion            |       |     1 ||     1
 Armour: Leather armour    |    11 |       ||    11
         Ring mail         |    10 |    52 ||    62
  Dodge: Dodged            |    45 |    50 ||    95

Table legend:
 A = Non-vault XP
 B = Vault XP
 C = Vault XP percentage of total XP
 D = Non-vault monster count
 E = Vault monster count
 F = Vault count percentage of total count
                 A         B        C        D         E       F
            +---------+---------+-------+---------+---------+-------
      Total |     232 |      37 |  13.8 |      64 |       1 |   1.5
            +---------+---------+-------+---------+---------+-------
        D:1 |      36 |       0 |   0.0 |      14 |       0 |   0.0
        D:2 |      86 |      37 |  30.1 |      23 |       1 |   4.2
        D:3 |      80 |       0 |   0.0 |      19 |       0 |   0.0
        D:4 |      30 |       0 |   0.0 |       8 |       0 |   0.0
            +---------+---------+-------+---------+---------+-------
